 Dungeon Crawl Stone Soup version 0.13-a0-2676-gd993d8a (console) character file.

724 Illaniel the Charmwright (level 6, -8/40 HPs)
             Began as a High Elf Skald on Aug 12, 2013.
             Killed by divine providence
             ... invoked by an orc priest
              (11 damage)
             ... on Level 4 of the Dungeon.
             The game lasted 00:21:36 (4136 turns).

Illaniel the Charmwright (High Elf Skald)           Turns: 4136, Time: 00:21:37

HP  -8/40        AC  7     Str 13      XL: 6   Next: 78%
MP  13/18        EV 12     Int 16      God:
Gold 265         SH  0     Dex 16      Spells:  4 memorised,  5 levels left

Res.Fire  : . . .   See Invis. : .   a - +0 elf short sword
Res.Cold  : . . .   Warding    : .   E - +3 leather armour of Shadows and Fog {Str+ Life Prot.: . . . Conserve : . (no shield)
Res.Poison: .       Res.Corr.  : .   x - +0 helmet
Res.Elec. : .       Clarity    : .   (no cloak)
Sust.Abil.: + .     Spirit.Shd : .   (no gloves)
Res.Mut.  : +       Stasis     : .   (no boots)
Res.Rott. : .       Flight     : .   t - amulet of resist mutation
Saprovore : . . .                    q - +0,+7 ring of slaying
                                     b - ring of sustain abilities {unknown}

@: shrouded (expiring), slightly resistant to hostile enchantments, fairly
stealthy
A: no striking features
a: no special abilities


You were on level 4 of the Dungeon.
You were hungry.

You visited 1 branch of the dungeon, and saw 4 of its levels.

You collected 245 gold pieces.

Inventory:

Hand weapons
 a - a +0,+0 elven short sword (weapon)
Missiles
 k - 76 stones (quivered)
Armour
 x - a +0 helmet (worn)
 E - the +3 leather armour of Shadows and Fog (worn) {Str+2 Int-1 Acc+5}
   (You found it on level 4 of the Dungeon)

   It affects your strength (+2).
   It affects your intelligence (-1).
   It affects your accuracy (+5).
Comestibles
 d - 4 bread rations
 A - an apricot
 B - an apple
Scrolls
 h - 2 scrolls of enchant weapon I {unknown}
 i - a scroll of identify
 m - 2 scrolls of recharging {unknown}
 p - 2 scrolls of remove curse
 r - 2 scrolls of fear {unknown}
 v - a scroll of fog {unknown}
 w - a scroll of blinking {unknown}
 y - 2 scrolls of enchant weapon II {unknown}
 z - 4 scrolls of teleportation {unknown}
 D - a scroll of amnesia {unknown}
Jewellery
 b - a ring of sustain abilities (left hand) {unknown}
 n - an uncursed ring of flight
 q - a +0,+7 ring of slaying (right hand)
 t - an amulet of resist mutation (around neck)
Potions
 e - a potion of might {unknown}
 f - 2 potions of paralysis {unknown}
 j - 4 potions of curing {unknown}
 o - 2 potions of agility
Books
 c - a book of Battle

   Spells                             Type                      Level
   *Infusion                          Charms                       1
   *Shroud of Golubria                Charms/Translocation         2
   *Song of Slaying                   Charms                       2
   *Spectral Weapon                   Hexes/Charms                 3
   Regeneration                       Charms/Necromancy            3
   Song of Shielding                  Charms                       4


   Skills:
 * Level 3.5 Fighting
 - Level 2.4 Short Blades
 * Level 2.6 Armour
 * Level 3.2 Dodging
 + Level 1.4 Stealth
 * Level 4.1 Spellcasting
 + Level 1.4 Hexes
 + Level 4.7 Charms
 + Level 1.2 Translocations


You had 5 spell levels left.
You knew the following spells:

 Your Spells              Type           Power        Failure   Level  Hunger
a - Infusion              Chrm           ###...       2%          1    None
b - Song of Slaying       Chrm           ###.......   4%          2    ##.....
c - Spectral Weapon       Hex/Chrm       ##......     14%         3    ###....
h - Shroud of Golubria    Chrm/Tloc      ##........   10%         2    ##.....


Dungeon Overview and Level Annotations

Branches:
Dungeon (4/27)
 Temple: D:4-7

Altars:
Kikubaaqudgha
Nemelex Xobeh
Trog


Message History

You kill the orc priest!
The orc closely misses you.
The orc wizard points at you and mumbles some strange words.
The magic dart hits you!
* * * LOW HITPOINT WARNING * * *
The orc hits your spectral weapon with an orcish club.
Your spectral weapon shares its damage with you!
* * * LOW HITPOINT WARNING * * *
The orc wizard points at you and mumbles some strange words.
The magic dart hits you!
* * * LOW HITPOINT WARNING * * *
The orc wizard mumbles some strange words.
The orc wizard blinks!
The orc priest glows brightly for a moment.
Your shroud begins to fray at the edges.
The orc wizard mumbles some strange words.
The orc wizard blinks!
The orc priest invokes the aid of Beogh against you.
Something smites you!
You die...

▒∙∙∙∙%∙▒ ▒∙∙∙∙∙∙▒
▒∙∙∙∙∙∙▒ ▒∙∙∙∙o∙▒
▒▒▒▒▒#▒▒ ▒∙∙∙▒∙▒▒▒▒
▒∙∙∙∙o∙∙∙▒
▒∙∙∙∙o∙∙∙▒▒▒▒
▒▒∙∙∙∙o∙∙∙∙∙▒ ∙
▒▒▒▒(▒▒∙∙∙∙▒ ▒∙∙
▒@▒▒∙∙∙∙▒▒▒▒▒▒▒▒∙∙
▒▒▒∙▒▒∙∙∙∙∙∙∙∙∙∙∙▒∙∙
∙∙∙∙∙∙∙∙∙∙∙∙∙∙∙∙∙∙▒∙∙
∙∙∙∙∙∙∙∙∙∙∙∙∙∙∙∙∙▒∙∙
<∙∙∙∙∙∙∙∙∙∙∙∙∙∙∙∙▒∙∙
∙∙∙∙∙∙∙∙∙∙∙∙∙∙∙∙∙∙▒∙∙
▒▒▒▒▒∙▒▒▒▒∙∙∙∙∙∙∙∙∙∙∙∙
▒∙▒ ▒▒▒▒▒▒▒▒▒▒▒∙∙ ▒∙∙


∙∙∙∙∙∙∙∙∙∙ ▒▒▒▒▒▒▒▒▒ ▒∙∙∙∙ You could see an orc priest, an orc wizard, 2 orcs
and a friendly spectral elven short sword.

Vanquished Creatures
  A phantom (D:4)
  2 orc priests (D:4)
  An orc wizard (D:4)
  A scorpion (D:4)
  A worker ant (D:4)
  4 gnolls (D:4)
  A giant mite (D:2)
  8 adders
  An inept item mimic (D:2)
  3 worms
  An adder skeleton (D:4)
  2 giant geckos
  An ooze (D:2)
  4 orcs (D:4)
  2 ball pythons
  5 bats
  3 giant cockroaches
  4 goblins
  8 hobgoblins
  9 jackals
  5 giant newts
  12 kobolds
  10 rats
89 creatures vanquished.

Notes
Turn   | Place    | Note
--------------------------------------------------------------
     0 | D:1      | Illaniel, the High Elf Skald, began the quest for the Orb.
     0 | D:1      | Reached XP level 1. HP: 13/13 MP: 4/4
    11 | D:1      | Reached skill level 1 in Armour
   275 | D:1      | Reached XP level 2. HP: 8/18 MP: 1/6
   865 | D:1      | Learned a level 2 spell: Song of Slaying
   868 | D:1      | Learned a level 2 spell: Shroud of Golubria
   891 | D:1      | Reached XP level 3. HP: 23/23 MP: 3/9
   907 | D:1      | Reached skill level 4 in Charms
  1492 | D:2      | Reached XP level 4. HP: 8/29 MP: 0/12
  1524 | D:2      | Learned a level 3 spell: Spectral Weapon
  1874 | D:2      | Noticed a moth of wrath
  1877 | D:2      | Found a bloodstained altar of Trog.
  2069 | D:3      | Found a sparkling altar of Nemelex Xobeh.
  2296 | D:3      | Reached XP level 5. HP: 8/34 MP: 9/14
  2579 | D:3      | Reached skill level 1 in Translocations
  3026 | D:3      | Found an ancient bone altar of Kikubaaqudgha.
  3230 | D:4      | Got a polished leather armour
  3238 | D:4      | Identified the +3 leather armour of Shadows and Fog {Str+2 Int-1 Acc+5} (You found it on level 4 of the Dungeon)
  3247 | D:4      | Noticed a phantom
  3261 | D:4      | Killed a phantom
  3261 | D:4      | Reached skill level 1 in Hexes
  3261 | D:4      | Reached XP level 6. HP: 36/40 MP: 6/17
  3448 | D:4      | Reached skill level 1 in Stealth
  4129 | D:4      | HP: 2/40 [orc wizard/magic dart (5)]
  4136 | D:4      | Killed from afar by an orc priest

Action                   |  1- 3 |  4- 6 || total
-------------------------+-------+-------++-------
Melee: Short sword       |   155 |   134 ||   289
 Cast: Infusion          |    19 |    26 ||    45
       Song of Slaying   |     1 |     4 ||     5
       Shroud of Golubri |     6 |    19 ||    25
       Spectral Weapon   |       |    12 ||    12
  Use: Scroll            |       |     6 ||     6
       Potion            |       |     2 ||     2
 Stab: Distracted        |       |     1 ||     1
